 Dungeon Crawl Stone Soup version 0.20-a0-870-g4070442 (console) character file.

93 hittembot the Shield-Bearer (level 4, -3/37 HPs)
             Began as a Formicid Fighter on Mar 13, 2017.
             Slain by an orc
             ... wielding a cursed -3 whip
              (4 damage)
             ... on level 3 of the Dungeon.
             The game lasted 00:00:56 (2276 turns).

hittembot the Shield-Bearer (Formicid Fighter)      Turns: 2276, Time: 00:00:57

Health: -3/37      AC:  7    Str: 20    XL:     4   Next: 92%
Magic:  4/4        EV:  8    Int:  8    God:
Gold:   59         SH:  9    Dex: 11    Spells: 3/3 levels left

rFire    . . .     SeeInvis +   a - +0 war axe
rCold    . . .     Gourm    .   b - +0 scale mail
rNeg     . . .     Faith    .   c - +0 shield
rPois    .         Spirit   .   (helmet unavailable)
rElec    .         Reflect  .   (no cloak)
rCorr    .         Harm     .   (no gloves)
MR       .....                  (no boots)
Stlth    ..........             (no amulet)
Regen    0.2/turn               (no ring)
MPRegen  0.1/turn               (no ring)

@: no status effects
A: permanent stasis, dig shafts and tunnels, four strong arms, antennae 3
a: Dig, Shaft Self


You were on level 3 of the Dungeon.
You were not hungry.

You visited 1 branch of the dungeon, and saw 3 of its levels.

You collected 59 gold pieces.

Inventory:

Hand Weapons
 a - a +0 war axe (weapon)
Armour
 b - a +0 scale mail (worn)
 c - a +0 shield (worn)
Scrolls
 e - a scroll of random uselessness {unknown}
 g - a scroll of magic mapping {unknown}
 i - a scroll of fear {unknown}
 k - a scroll of fog {unknown}
 l - 2 scrolls of teleportation {unknown}
 m - a scroll of identify {unknown}
 o - a scroll of immolation {unknown}
Potions
 d - 2 potions of might
 h - a potion of mutation {unknown}
 j - a potion of agility {unknown}
Comestibles
 f - 3 bread rations
 n - 2 royal jellies


   Skills:
 + Level 3.7 Fighting
 + Level 3.2 Axes
 + Level 3.7 Armour
 + Level 0.8 Dodging
 + Level 0.6 Stealth
 + Level 4.2 Shields


You had 3 spell levels left.
You didn't know any spells.

Dungeon Overview and Level Annotations

Branches:
Dungeon (3/15)

Altars:
Fedhas


Innate Abilities, Weirdness & Mutations

You cannot be hasted, slowed, berserked, paralysed or teleported.
You can dig through walls and to a lower floor.
Your four strong arms can wield two-handed weapons with a shield.
You have a pair of large antennae on your head. (SInv)


Message History

You kill the giant cockroach!
The orc hits you but does no damage.
The orc priest mumbles some strange prayers to Beogh against you.
Beogh smites you!
* * * LOW HITPOINT WARNING * * *
You closely miss the orc priest.
The orc priest is almost dead.
You closely miss the orc. You block the orc's attack.
The orc priest barely misses you. The orc barely misses you.
The orc priest hits you.
* * * LOW HITPOINT WARNING * * *
Your shield prevents you from hitting the orc priest.
The orc priest is almost dead.
You closely miss the orc. The orc barely misses you.
You block the orc priest's attack.
You slash the orc priest!
You kill the orc priest!
You closely miss the orc. You block the orc's attack.
The orc hits you with an enchanted whip.
You die...

### ..# #.#
.######.#
........#+###
............#
%.....†@.<..#
......)o....#
....#...%...#
... #.......#
. #.......#
#......$#
#.......#
#.......#


You could see an orc.

Vanquished Creatures
  An orc priest (D:3)
  An adder (D:2)
  A worm (D:2)
  3 dart slugs (D:2)
  A leopard gecko (D:1)
  3 orcs
  4 giant cockroaches
  6 goblins
  6 hobgoblins
  2 quokkas (D:2)
  3 bats
  A frilled lizard (D:2)
  4 kobolds (D:1)
  5 rats
41 creatures vanquished.

Notes
Turn   | Place    | Note
-------+----------+-------------------------------------------
     0 | D:1      | hittembot the Formicid Fighter began the quest for the Orb.
     0 | D:1      | Reached XP level 1. HP: 18/18 MP: 1/1
   165 | D:1      | Reached XP level 2. HP: 19/24 MP: 2/2
  1192 | D:1      | Reached XP level 3. HP: 29/29 MP: 3/3
  1449 | D:2      | Reached skill level 4 in Shields
  1645 | D:2      | Found a faded altar of an unknown god.
  1867 | D:2      | Found a blossoming altar of Fedhas.
  1901 | D:2      | Reached XP level 4. HP: 35/35 MP: 4/4
  2274 | D:3      | HP: 1/35 [orc priest (1)]
  2276 | D:3      | Slain by an orc

Vault maps used:
D:1:      minmay_arrival_hallway, minmay_small_reverse_x
D:2:      chequers_ecumenical_altar_twisty, corexii_shack, fedhas_altar_1
D:3:      minmay_roachtagon

Skill      XL: |  1  2  3  4 |
---------------+-------------+-----
Shields        | 4 |  4.2
Axes           | 3 |  3.2
Fighting       | |  3.7
Armour         | |  3.7
Dodging        | |  0.8
Stealth        | |  0.6

Action                   |  1- 3 |  4- 6 || total
-------------------------+-------+-------++-------
Melee: War axe           |    86 |    30 ||   116
  Eat: Chunk             |     3 |     1 ||     4
Armor: Scale mail        |    26 |    19 ||    45
Dodge: Dodged            |    35 |    14 ||    49
Block: Shield            |    59 |    20 ||    79
